 Dungeon Crawl Stone Soup version 0.29-a0-841-g116ddc6ace (webtiles) character file.

Game seed: 17400100264267865787

284 kevlar127 the Ruffian (level 6, 0/93 HPs)
             Began as a Troll Berserker on July 14, 2022.
             Was a Believer of Trog.
             Slain by an orc
             ... wielding a +2 trident of flaming
              (2 damage)
             ... on level 4 of the Dungeon.
             The game lasted 00:04:16 (2844 turns).

kevlar127 the Ruffian (Troll Berserker)             Turns: 2844, Time: 00:04:17

Health: 0/93       AC:  4    Str: 28    XL:     6   Next: 7%
Magic:  5/5        EV: 10    Int:  3    God:    Trog [**....]
Gold:   193        SH:  0    Dex:  9    Spells: 5/5 levels left

rFire   . . .      SeeInvis .     - Unarmed
rCold   . . .      Faith    .   (no shield)
rNeg    . . .      Spirit   .   a - +0 animal skin
rPois   .          Reflect  .   (helmet restricted)
rElec   .          Harm     .   (no cloak)
rCorr   .          Rampage  .   (gloves unavailable)
Will    ++...                   (boots unavailable)
Stlth   ..........              (no amulet)
HPRegen 2.05/turn               (no ring)
MPRegen 0.09/turn               (no ring)

@: berserking, strong-willed, regenerating, very quick
A: large, unfitting armour, claws 3, regeneration 1, shaggy fur 1, tough skin 1
a: Renounce Religion, Berserk, Trog's Hand


You were on level 4 of the Dungeon.
You worshipped Trog.
Trog was pleased with you.
You visited 1 branch of the dungeon, and saw 4 of its levels.

You collected 193 gold pieces.

Inventory:

Missiles
 b - 38 stones (quivered)
 l - 2 silver javelins
 n - 5 boomerangs
Armour
 a - a +0 animal skin (worn)
Jewellery
 q - a ring of ice
Scrolls
 c - 2 scrolls of identify {unknown}
 f - a scroll of poison {unknown}
 g - a scroll of teleportation {unknown}
 i - a scroll of fear {unknown}
 k - 2 scrolls of brand weapon {unknown}
 m - a scroll of blinking {unknown}
 t - a scroll of enchant weapon {unknown}
Potions
 d - a potion of degeneration {unknown}
 e - a potion of mutation {unknown}
 h - a potion of brilliance {unknown}
 j - 3 potions of curing {unknown}
 o - a potion of haste {unknown}
 p - a potion of might {unknown}
 r - 3 potions of cancellation {unknown}
 s - a potion of attraction {unknown}


   Skills:
 + Level 4.1 Fighting
 - Level 3.0 Dodging
 + Level 5.0 Unarmed Combat


You had 5 spell levels left.
You didn't know any spells.
Your spell library was empty.

Dungeon Overview and Level Annotations

Branches:
Dungeon (4/15)
 Temple: D:4-7

Altars:
Cheibriados
Gozag
Zin

Shops:
D:1 !


Innate Abilities, Weirdness & Mutations

You are too large for most types of armour.
You have claws for hands.
Your natural rate of healing is unusually fast.
You are covered in fur. (AC +1)
You have tough skin. (AC +1)


Message History

Found a stone staircase leading down.
The orc shouts!
The orc priest shouts!
The orc priest hits you with a +0 club.
You scratch the orc priest.
The orc priest is lightly wounded.
You completely miss the orc warrior. The orc hits you but does no damage.
You claw the orc priest!
You kill the orc priest!
Trog accepts your kill.
The orc hits you from afar with a +2 trident of flaming.
The orc burns you.
The orc warrior hits you with a +0 scimitar!
Your Unarmed Combat skill increases to level 5!
You have reached level 6!
You feel stronger.
Your skin crawls.
You feel strong-willed. The orc barely misses you.
The orc warrior hits you with a +0 scimitar!
The orc warrior attacks as you move away!
The orc warrior hits you with a +0 scimitar!!
* * * LOW HITPOINT WARNING * * *
You see here 4 large rocks.
The orc warrior attacks as you move away!
The orc warrior closely misses you.
You claw the orc warrior!
The orc warrior is moderately wounded.
The orc warrior hits you with a +0 scimitar!
* * * LOW HITPOINT WARNING * * *
You scratch the orc warrior.
The orc warrior is moderately wounded.
The orc warrior hits you with a +0 scimitar.
* * * LOW HITPOINT WARNING * * *
Unknown command.
A red film seems to cover your vision as you go berserk!
You feel yourself moving faster!
You feel mighty!
The orc hits you from afar with a +2 trident of flaming.
* * * LOW HITPOINT WARNING * * *
The orc burns you.
You die...

##.. ##.## #.#
######>.######..####)#
..................#.###
#..#.######..##.......
#...##...............
###..o##.###.###.......
##.).#........#
####....
#.(..ooo#..#### ..##.
>[...#####@.)## ###..
.#. ##......# ##....
..[..#### #...##P
#....... ##.<# #[♣
#.#####.###..###♣.. #.
#...<.##....P #.
#........P... .
....<#######.... ####
###.P


You could see an orc warrior, 2 orc priests and an orc.

Vanquished Creatures
  An ogre (D:3)
  An orc priest (D:4)
  2 hounds (D:4)
  5 adders
  3 dart slugs
  7 orcs
  6 endoplasms
  3 giant cockroaches
  4 goblins
  6 hobgoblins
  2 jackals (D:2)
  4 kobolds
  6 ball pythons
  7 bats
  A frilled lizard (D:2)
  4 rats
62 creatures vanquished.

Notes
Turn   | Place    | Note
-------+----------+-------------------------------------------
     0 | D:1      | kevlar127 the Troll Berserker began the quest for the Orb.
     0 | D:1      | Reached XP level 1. HP: 22/22 MP: 0/0
   130 | D:1      | Reached XP level 2. HP: 28/29 MP: 1/1
   143 | D:1      | Found Tivimeo's Distillery.
   980 | D:2      | Found a glowing silver altar of Zin.
   984 | D:2      | Reached XP level 3. HP: 36/36 MP: 2/2
  1269 | D:2      | Reached ** piety under Trog
  1315 | D:2      | Reached XP level 4. HP: 45/45 MP: 3/3
  1970 | D:3      | Reached skill level 4 in Unarmed Combat
  2023 | D:3      | Noticed an ogre
  2033 | D:3      | Killed an ogre
  2034 | D:3      | Reached XP level 5. HP: 31/54 MP: 4/4
  2281 | D:3      | Found a faded altar of an unknown god.
  2663 | D:4      | Found an opulent altar of Gozag.
  2689 | D:4      | Found a snail-covered altar of Cheibriados.
  2832 | D:4      | Noticed an orc warrior
  2838 | D:4      | Reached skill level 5 in Unarmed Combat
  2838 | D:4      | Reached XP level 6. HP: 41/62 MP: 5/5
  2843 | D:4      | HP: 2/62 [orc warrior/+0 scimitar (5)]
  2844 | D:4      | Slain by an orc

Illustrated notes

Levels and vault maps discovered:
D:1:      dpeg_arrival_leaves_temple_mockup, layout_basic, serial_shops,
          shop_fountains
D:2:      layout_basic, basic_altar, serial_aquarium, aquarium_bridge_straight
          [aquarium_subvault_bridge, aquarium_subvault_wall,
          aquarium_subvault_bridge, aquarium_subvault_window],
          aquarium_window_fake, aquarium_window_corridor_2, aquarium_window_2,
          aquarium_window_corner, aquarium_view_2c, aquarium_view_2c,
          aquarium_balcony_double_3
D:3:      layout_rooms, shapermc_ecumenical_altar_mp_ritualfount, fountainhead,
          st_stairs_1
D:4:      layout_rooms, mainiacjoe_overflow_catwalk,
          mainiacjoe_overflow_six_doors_small, serial_shops, shop,
          serial_bayou_pond_a, kennysheep_generic_room_14

Skill      XL: |  1  2  3  4  5 |
---------------+----------------+-----
Fighting       | 3 4 |  4.1
Dodging        | 3 |  3.0
Unarmed Combat | 4 5 |  5.0

Action                   |  1- 3 |  4- 6 || total
-------------------------+-------+-------++-------
Melee: Unarmed           |    87 |    93 ||   180
       Punch             |       |     1 ||     1
Invok: Berserk           |       |     2 ||     2
       Trog's Hand       |       |     1 ||     1
Armor: Animal skin       |    33 |    33 ||    66
Dodge: Dodged            |    42 |    51 ||    93

Table legend: (Time is in decaauts)
 A = Elapsed time spent in this place.
 B = Non-inter-level travel time spent in this place.
 C = Inter-level travel time spent in this place.
 D = Time resting spent in this place.
 E = Time spent auto-exploring this place.
 F = Levels seen in this place.
 G = Mean time per level.
                   A        B        C        D        E       F      G
               +--------+--------+--------+--------+--------+-----+--------+
         Total |   2838 |   2735 |    103 |    237 |   2105 |   4 |  709.5 |
       Dungeon |   2838 |   2735 |    103 |    237 |   2105 |   4 |  709.5 |
               +--------+--------+--------+--------+--------+-----+--------+

Top non-repeatable levels by time:
     D:1: 988 daAuts
     D:2: 846 daAuts
     D:3: 790 daAuts
     D:4: 212 daAuts
